 Dungeon Crawl Stone Soup version 0.30.0-17-ge0270778cf (webtiles) character file.

Game seed: 1728190597627505110

24 zeram the Covert (level 3, -7/35 HPs)
             Began as a Gnoll Delver on May 23, 2023.
             Mangled by an iguana (10 damage)
             ... on level 4 of the Dungeon.
             The game lasted 00:00:54 (721 turns).

zeram the Covert (Gnoll Delver)                      Turns: 721, Time: 00:00:54

Health: -7/35      AC:  3    Str: 13    XL:     3   Next: 2%
Magic:  3/3        EV: 13    Int:  9    God:
Gold:   23         SH:  0    Dex: 13    Spells: 3/3 levels left

rFire   . . .        a - +0 hand axe
rCold   . . .        (no shield)
rNeg    . . .        b - +0 leather armour
rPois   .            (no helmet)
rElec   .            (no cloak)
rCorr   .            (no gloves)
SInv    .            (no boots)
Will    .....        (no amulet)
Stlth   ++++         (no ring)
HPRegen 0.25/turn    (no ring)
MPRegen 0.08/turn

%: no passive effects
@: no status effects
A: fangs 1, strong nose, distributed training
a: no special abilities


You were on level 4 of the Dungeon.
You visited 1 branch of the dungeon, and saw 2 of its levels.

You collected 23 gold pieces.

Inventory:

Hand Weapons
 a - a +0 hand axe (weapon)
Armour
 b - a +0 leather armour (worn)
Jewellery
 k - a ring of protection from cold
Wands
 g - a wand of digging (3)
Scrolls
 c - a scroll of fog
 d - 3 scrolls of magic mapping
 e - a scroll of fear
 h - a scroll of blinking {unknown}
 i - a scroll of identify {unknown}
 j - a scroll of acquirement {unknown}
Potions
 f - a potion of haste
 l - a potion of lignification {unknown}
 m - 2 potions of heal wounds {unknown}


   Skills:
 + Level 6.5 Fighting
 + Level 0.6 Short Blades
 + Level 0.6 Long Blades
 + Level 4.5 Axes
 + Level 0.6 Maces & Flails
 + Level 0.6 Polearms
 + Level 0.6 Staves
 + Level 0.6 Ranged Weapons
 + Level 0.6 Throwing
 + Level 0.6 Armour
 + Level 4.5 Dodging
 + Level 9.5 Stealth
 + Level 0.6 Shields
 + Level 0.6 Unarmed Combat
 + Level 0.6 Spellcasting
 + Level 0.4 Conjurations
 + Level 0.4 Hexes
 + Level 0.4 Summonings
 + Level 0.4 Necromancy
 + Level 0.4 Translocations
 + Level 0.4 Transmutations
 + Level 0.4 Fire Magic
 + Level 0.4 Ice Magic
 + Level 0.4 Air Magic
 + Level 0.4 Earth Magic
 + Level 0.4 Poison Magic
 + Level 0.8 Invocations
 + Level 0.6 Evocations


You had 3 spell levels left.
You didn't know any spells.
Your spell library contained the following spells:

 Spells                   Type           Power      Damage    Failure   Level
 Tukima's Dance           Hex            1%         N/A       77%         3
 Passage of Golubria      Tloc           1%         N/A       99%         4
 Yara's Violent Unravell  Hex/Tmut       0%         3d3       100%        5


Dungeon Overview and Level Annotations

Branches:
Dungeon (5/15)
 Temple: D:4-7

Altars:
Dithmenos
Fedhas
Qazlal
The Shining One


Innate Abilities, Weirdness & Mutations

You have very sharp teeth.
Your uncanny sense of smell can sniff out nearby items.
Your experience applies equally to all skills.


Message History

The iguana is severely wounded.
The ball python hisses angrily.
The iguana barely misses you.
You hit the iguana.
The iguana is severely wounded.
You hit the ball python. The ball python completely misses you.
The ball python grabs you. The ball python constricts you.
The iguana bites you.
You hit the ball python but do no damage.
The ball python is severely wounded.
You hit the iguana but do no damage. The ball python closely misses you.
The ball python constricts you. The iguana bites you.
You hit the ball python.
You kill the ball python!
You hit the iguana. The iguana bites you!
You hit the iguana.
The iguana is almost dead.
The iguana bites you.
Unknown command.
You hit the iguana but do no damage. Your bite misses the iguana.
The iguana is almost dead.
The iguana completely misses you.
You hit the iguana but do no damage.
The iguana is almost dead.
The iguana misses you.
You completely miss the iguana.
The iguana is almost dead.
The iguana bites you.
Unknown command.
You are too injured to fight recklessly!
You hit the iguana.
The iguana is almost dead.
The iguana bites you.
* * * LOW HITPOINT WARNING * * *
You closely miss the iguana. You bite the iguana, but do no damage.
The iguana is almost dead.
The iguana bites you!
* * * LOW HITPOINT WARNING * * *
The iguana bites you!
You die...

.. ##.#.. .###.......#
........##..# # #.##..#
#..# ###.##.## #.<###
#.._....# #...##
..#.#...## #...##
.........#####....###...
#####...........@l......
#..###.....###.....#
#..# ####..# #.### #..#
#.## # # #..# #.# ##
#..# #.# .# #..# #.# ..#
#..# #.# #..


You could see an iguana.

Vanquished Creatures
  2 adders (D:4)
  2 ball pythons (D:4)
  A giant cockroach (D:4)
  A hobgoblin (D:4)
  A goblin (D:4)
7 creatures vanquished.

Notes
Turn   | Place    | Note
-------+----------+-------------------------------------------
     0 | D:5      | Reached skill level 9 in Stealth
     0 | D:5      | zeram the Gnoll Delver began the quest for the Orb.
     0 | D:5      | Reached XP level 1. HP: 23/23 MP: 1/1
     0 | D:5      | Found a blossoming altar of Fedhas.
     1 | D:5      | Noticed an orc priest
     3 | D:5      | Noticed an orc wizard
    70 | D:4      | Found a glowing golden altar of the Shining One.
   107 | D:4      | Reached XP level 2. HP: 4/29 MP: 2/2
   110 | D:4      | HP: 1/29 [poisoned by an adder]
   397 | D:4      | Found a stormy altar of Qazlal.
   556 | D:4      | Reached XP level 3. HP: 26/35 MP: 3/3
   691 | D:4      | Found a shadowy altar of Dithmenos.
   721 | D:4      | Mangled by an iguana

Illustrated notes

Levels and vault maps discovered:
D:4:      layout_layer_cave, mainiacjoe_overflow_boulevard,
          lemuel_crystal_altar, mainiacjoe_overflow_swirl
D:5:      cheibrodos_thug_alley, layout_loops_ring, bloody_trog, fedhas_altar_3,
          mainiacjoe_overflow_six_doors_small, minmay_temple_entry_glassed_door,
          uniq_grinder

Skill      XL: | |
---------------+-+-----
Stealth        | |  9.5
Fighting       | |  6.5
Short Blades   | |  0.6
Long Blades    | |  0.6
Axes           | |  4.5
Maces & Flails | |  0.6
Polearms       | |  0.6
Staves         | |  0.6
Ranged Weapons | |  0.6
Throwing       | |  0.6
Armour         | |  0.6
Dodging        | |  4.5
Shields        | |  0.6
Unarmed Combat | |  0.6
Spellcasting   | |  0.6
Conjurations   | |  0.4
Hexes          | |  0.4
Summonings     | |  0.4
Necromancy     | |  0.4
Translocations | |  0.4
Transmutations | |  0.4
Fire Magic     | |  0.4
Ice Magic      | |  0.4
Air Magic      | |  0.4
Earth Magic    | |  0.4
Poison Magic   | |  0.4
Invocations    | |  0.8
Evocations     | |  0.6

Action                     || total
---------------------------++-------
  Melee: Hand axe          ||    39
         Punch             ||     1
         Bite              ||     4
    Use: Scroll            ||     1
   Stab: Sleeping          ||     5
 Armour: Leather armour    ||     8
  Dodge: Dodged            ||    17
